 Dungeon Crawl Stone Soup version 0.30.1-11-g7821555f0a (webtiles) character file.

Game seed: 14273293573580236439

347 Dvallin the Shield-Bearer (level 6, -6/45 (51) HPs)
             Began as a Formicid Fighter on Nov 15, 2023.
             Was an Initiate of Gozag.
             Killed by divine providence
             ... invoked by an orc priest
              (14 damage)
             ... on level 7 of the Dungeon.
             The game lasted 00:06:31 (3584 turns).

Dvallin the Shield-Bearer (Formicid Fighter)        Turns: 3584, Time: 00:06:32

HP:   -6/45 (51)    AC: 22    Str: 20    XL:     6   Next: 91%
MP:   6/6           EV:  5    Int:  8    God:    Gozag
Gold: 330           SH:  6    Dex: 15    Spells: 5/5 levels left

rFire   . . .        a - +0 trident
rCold   . . .        c - +0 buckler
rNeg    . . .        t - +0 plate armour
rPois   .            (helmet unavailable)
rElec   .            g - +0 cloak
rCorr   .            (no gloves)
SInv    +            h - +0 pair of boots
Will    .....        (no amulet) Stlth
                     m - +4 ring of protection
HPRegen 0.27/turn    x - +4 ring of protection
MPRegen 0.10/turn

%: no passive effects
@: heavily drained
A: permanent stasis, dig shafts and tunnels, antennae 3, four strong arms
a: Dig, Shaft Self, Renounce Religion, Potion Petition, Call Merchant, Bribe
Branch


You were on level 7 of the Dungeon.
You worshipped Gozag.
Gozag was aware of your devotion.
You visited 1 branch of the dungeon, and saw 8 of its levels.

You collected 398 gold pieces.
You paid 68 gold pieces to Gozag.

Inventory:

Hand Weapons
 a - a +0 trident (weapon)
Missiles
 w - 9 poisoned darts
Armour
 c - a +0 buckler (worn)
 e - a +0 chain mail
 g - a +0 cloak (worn)
 h - a +0 pair of boots (worn)
 t - a +0 plate armour (worn)
Jewellery
 m - a +4 ring of protection (left hand)
 r - a ring of flight
 x - a +4 ring of protection (right hand)
 y - a ring of resist corrosion
Wands
 n - a wand of mindburst (7)
 s - a wand of digging (1)
Scrolls
 b - a scroll of poison {unknown}
 j - 2 scrolls of identify {unknown}
 p - a scroll of teleportation {unknown}
 q - a scroll of noise {unknown}
 v - a scroll of torment {unknown}
Potions
 d - 2 potions of might
 f - a potion of haste {unknown}
 i - 2 potions of flight {unknown}
 k - a potion of resistance {unknown}
 l - 5 potions of heal wounds {unknown}
 o - 3 potions of attraction {unknown}
 u - 4 potions of curing {unknown}
 z - a potion of degeneration {unknown}


   Skills:
 + Level 5.0 Fighting
 - Level 3.0 Polearms
 + Level 5.0 Armour
 + Level 6.1 Shields


You had 5 spell levels left.
You didn't know any spells.
Your spell library contained the following spells:

 Spells                   Type           Power      Damage    Failure   Level
 Freeze                   Ice            0%         1d3       100%        1
 Summon Small Mammal      Summ           0%         N/A       100%        1
 Call Canine Familiar     Summ           0%         N/A       100%        3
 Frozen Ramparts          Ice            0%         1d1       100%        3
 Hailstorm                Conj/Ice       0%         3d3       100%        3
 Summon Guardian Golem    Hex/Summ       0%         N/A       100%        3
 Summon Lightning Spire   Summ/Air       0%         N/A       100%        4
 Storm Form               Tmut/Air       0%         N/A       100%        7
 Maxwell's Capacitive Co  Air            0%         ∞         100%        8


Dungeon Overview and Level Annotations

Branches:
Dungeon (8/15)
 Temple: D:4-7         Lair: D:8-11

Altars:
Elyvilon
Gozag
Yredelemnul
Zin

Annotations:
D:3 3 runed translucent doors, middlethird's ghost, weakling VSMo
D:8 Amaemon


Innate Abilities, Weirdness & Mutations

You cannot be hasted, slowed, berserked, paralysed or teleported.
You can dig through walls and to a lower floor.
You have a pair of large antennae on your head. (SInv)
Your four strong arms can wield two-handed weapons with a shield.


Message History

You hit the orc priest but do no damage.
The orc priest is moderately wounded.
The orc priest hits you with a +0 war axe. x2
You puncture the orc priest!
The orc priest is severely wounded.
The orc priest calls down the wrath of Beogh upon you.
Beogh smites you!
* * * LOW HITPOINT WARNING * * *
You are too injured to fight recklessly!
You are too injured to fight recklessly!
You are too injured to fight recklessly!
You are too injured to fight recklessly!
You hit the orc priest but do no damage.
The orc priest is severely wounded.
The orc priest hits you but does no damage.
You hit the orc priest but do no damage.
The orc priest is severely wounded.
The orc priest mumbles some strange prayers to Beogh against you.
You struggle to resist.
You completely miss the orc priest.
The orc priest is severely wounded.
The orc priest hits you but does no damage.
You hit the orc priest but do no damage.
The orc priest is severely wounded.
The orc priest mumbles some strange prayers to Beogh against you.
Pain shoots through your body!
* * * LOW HITPOINT WARNING * * *
You closely miss the orc priest.
The orc priest is severely wounded.
The orc priest begins to cast a cantrip, but forgets the words!
The orc priest hits you but does no damage.
You closely miss the orc priest.
The orc priest is severely wounded.
The orc priest closely misses you.
You closely miss the orc priest.
The orc priest is severely wounded.
The orc priest calls down the wrath of Beogh upon you.
Beogh smites you!
You die...
Your body crumbles into a pile of gold.

. ## #.# #.#
.##.#####.## #>#
........##.# #.#
........#.## #.#
..........#####.#
..........o.....##
..........######.##
####...### ##o#
#...# #@## #####
###


You could see an orc priest.

Vanquished Creatures
  A water moccasin (D:6)
  A scorpion (D:6)
  A gnoll bouda (D:5)
  5 gnolls
  4 adders
  An adder zombie (D:3)
  A worm (D:3)
  3 dart slugs (D:1)
  2 orcs
  3 ball pythons
  6 endoplasms
  A giant cockroach (D:1)
  6 goblins
  6 hobgoblins
  2 jackals (D:1)
  9 kobolds
  5 quokkas
  4 bats
  3 frilled lizards
  A giant cockroach zombie (D:3)
  6 rats
71 creatures vanquished.

Notes
Turn   | Place    | Note
-------+----------+-------------------------------------------
     0 | D:1      | Dvallin the Formicid Fighter began the quest for the Orb.
     0 | D:1      | Reached XP level 1. HP: 18/18 MP: 1/1
    84 | D:1      | Reached XP level 2. HP: 24/24 MP: 2/2
   264 | D:1      | Reached XP level 3. HP: 29/29 MP: 3/3
   928 | D:2      | Found a white marble altar of Elyvilon.
   943 | D:2      | Reached XP level 4. HP: 30/37 MP: 4/4
  1535 | D:2      | Found a faded altar of an unknown god.
  1603 | D:2      | Reached XP level 5. HP: 42/42 MP: 5/5
  1684 | D:2      | Reached skill level 5 in Shields
  1999 | D:3      | Found an opulent altar of Gozag.
  2006 | D:3      | Became a worshipper of Gozag Ym Sagoz the Greedy
  2407 | D:3      | Found a glowing silver altar of Zin.
  2484 | D:3      | Found a runed translucent gate.
  2484 | D:3      | Found a runed translucent gate.
  2484 | D:3      | Found a runed translucent gate.
  2484 | D:3      | Noticed middlethird's ghost (weakling VSMo)
  2486 | D:3      | Found a basalt altar of Yredelemnul.
  3205 | D:4      | You fall into a shaft and drop 2 floors!
  3215 | D:6      | Reached XP level 6. HP: 49/49 MP: 6/6
  3249 | D:6      | Noticed a water moccasin
  3262 | D:6      | Killed a water moccasin
  3302 | D:6      | Noticed an ogre
  3306 | D:5      | Entered Level 5 of the Dungeon
  3313 | D:5      | Reached skill level 6 in Shields
  3314 | D:5      | Noticed an ice beast
  3326 | D:5      | Reached skill level 5 in Fighting
  3326 | D:5      | Reached skill level 5 in Armour
  3328 | D:5      | You fall into a shaft and drop 3 floors!
  3362 | D:8      | Noticed Amaemon
  3363 | D:8      | Noticed an orange demon
  3584 | D:7      | Killed from afar by an orc priest

Illustrated notes

Levels and vault maps discovered:
D:1:      dpeg_arrival_tiny_a, layout_loops_ring, kennysheep_boxes
D:2:      minmay_evil_eye, layout_loops_corners, serial_rivers,
          chequers_serial_rivers_micro_c, chequers_serial_rivers_micro_b,
          chequers_serial_rivers_small_3, chequers_serial_rivers_micro_c,
          ebering_ecumenical_altar_webs, basic_altar
D:3:      layout_basic, pdpol_temple_overflow_zin_treasury_gozag_greed,
          nicolae_yredelemnul_ghost_church
D:4:      layout_basic, mainiacjoe_overflow_24_doors
D:5:      layout_rooms, mainiacjoe_overflow_cross_hatched
D:6:      layout_loops_ring, vehumet_statue, temple_hall,
          lexackson_kobold_supper, uniq_pikel
D:7:      layout_loops_cross
D:8:      layout_basic, uniq_amaemon, uniq_joseph

Skill      XL: |  1  2  3  4  5  6 |
---------------+-------------------+-----
Armour         | 4 5 |  5.0
Fighting       | 4 5 |  5.0
Polearms       | 3 |  3.0
Shields        | 5 6 |  6.1

Action                     |  1- 3 |  4- 6 || total
---------------------------+-------+-------++-------
  Melee: Trident           |    87 |   167 ||   254
Ability: Dig               |       |     2 ||     2
         Shaft Self        |       |     1 ||     1
 Armour: Chain mail        |    34 |    20 ||    54
         Plate armour      |       |    77 ||    77
  Dodge: Dodged            |    17 |    42 ||    59
  Block: Buckler           |    11 |    47 ||    58
